AoeStats
← Boxster553

Fortress

509946277Analyzed
4v4 RM · 2d ago on Sep 28, 2026· 11m 22s· 8 players
Game mode
Random Map
Map size
Huge
Population
200
Speed
Normal
Resources
Standard
Victory
Conquest
Starting age
Dark Age
Ending age
Imperial Age
RankedLock teamsTeams togetherTeam positionsShared explorationLock speedFull tech treeHidden civsTurbo modeCheats
Victory
Defeat
🇨🇭 Britons · Switzerland
1136
+13
🇨🇭 Danes · Switzerland
1120
+14
🇨🇭 Khmer · Switzerland
1109
+14
🇩🇰 Persians · Denmark
1094
+16
🇨🇳 Magyars · China
1090
-14
🇮🇳 Teutons · India
1089
-15
🇫🇷 Khmer · France
1084
-15
🇨🇱 Huns · Chile
1036
-13
senninha
5:11 Loom
7:26 Feudal Age
AriaFairyPrincess
3:51 Loom
6:43 Feudal Age
10:42 Castle Age
8:49 Double-Bit Axe
10:57 Horse Collar
Don Wea
Boxster553
intellectual midget
6:55 Loom
8:43 Feudal Age
8:05 Loom
10:11 Double-Bit Axe
JJR
8:52 Feudal Age
7:10 Loom
9:27 Loom
12:02 Castle Age
10:07 Double-Bit Axe
10:06 Horse Collar
juan
8:06 Feudal Age
8:58 Double-Bit Axe
11:24 Fletching
11:40 Scale Mail Armor
11:53 Forging
14:00 Castle Age
peenut
8:13 Feudal Age
8:41 Double-Bit Axe
8:38 Horse Collar
13:42 Castle Age
Connection lost

Rejoining the realm…

Still unreachable

The connection could not be restored.

Session expired

The server has moved on; the page needs a fresh start.